 Dungeon Crawl Stone Soup version 0.29-a0-91-gdebf4667c2 (webtiles) character file.

Game seed: 9103906685991308048

133 lordive the Chucker (level 4, 0/42 HPs)
             Began as a Troll Hunter on Feb 7, 2022.
             Shot with an arrow by a centaur (9 damage)
             ... on level 5 of the Dungeon.
             The game lasted 00:02:25 (1601 turns).

lordive the Chucker (Troll Hunter)                  Turns: 1601, Time: 00:02:25

Health: 0/42       AC:  5    Str: 20    XL:     4   Next: 94%
Magic:  3/3        EV: 10    Int:  9    God:
Gold:   81         SH:  0    Dex: 10    Spells: 3/3 levels left

rFire   . . .      SeeInvis .     - Unarmed
rCold   . . .      Faith    .   (no shield)
rNeg    . . .      Spirit   .   b - +0 robe
rPois   .          Reflect  .   (helmet restricted)
rElec   .          Harm     .   f - +0 cloak
rCorr   .          Rampage  .   (gloves unavailable)
Will    .....                   (boots unavailable)
Stlth   +.........              (no amulet)
HPRegen 0.94/turn               (no ring)
MPRegen 0.08/turn               (no ring)

@: no status effects
A: large, unfitting armour, claws 3, regeneration 1, shaggy fur 1, tough skin 1
a: no special abilities


You were on level 5 of the Dungeon.
You visited 1 branch of the dungeon, and saw 5 of its levels.

You collected 81 gold pieces.

Inventory:

Missiles
 c - 3 large rocks (quivered)
 d - 2 throwing nets
Armour
 b - a +0 robe (worn)
 f - a +0 cloak (worn)
Wands
 l - a wand of mindburst (22)
Scrolls
 a - a scroll of fog {unknown}
 g - a scroll of teleportation {unknown}
 h - a scroll of vulnerability {unknown}
 i - a scroll of fear {unknown}
 j - a scroll of blinking {unknown}
 k - a scroll of magic mapping {unknown}
Potions
 e - a potion of curing {unknown}


   Skills:
 * Level 2.0 Fighting
 * Level 4.5 Throwing
 * Level 0.6 Armour
 * Level 2.4 Dodging
 + Level 0.4 Stealth
 + Level 1.3 Unarmed Combat
 * Level 0.5 Invocations


You had 3 spell levels left.
You didn't know any spells.
Your spell library contained the following spells:

 Spells                   Type           Power      Damage    Failure   Level
 Ignite Poison            Fire/Tmut/Pois 0%         N/A       77%         3
 Mephitic Cloud           Conj/Pois/Air  0%         N/A       77%         3
 Freezing Cloud           Conj/Ice/Air   0%         6-21      100%        5


Dungeon Overview and Level Annotations

Branches:
Dungeon (6/15)
 Temple: D:4-7

Altars:


Innate Abilities, Weirdness & Mutations

You are too large for most types of armour.
You have claws for hands.
Your natural rate of healing is unusually fast.
You are covered in fur. (AC +1)
You have tough skin. (AC +1)


Message History

You climb upwards.
Found a sedimented brown potion.
There is a stone staircase leading down here.
HP restored.
Found a pair of embroidered gloves.
A centaur comes into view.
The centaur shouts!
The centaur wields a +2 shortbow of flaming.
It bursts into flame!
The centaur shoots an arrow.
The arrow hits you! The arrow burns you.
The centaur shoots an arrow.
The arrow barely misses you.
The centaur shoots an arrow.
The arrow hits you. The arrow burns you.
Found a long brass wand.
An adder comes into view.
The adder hisses angrily.
The centaur shoots an arrow.
The arrow hits you! The arrow burns you.
You are too injured to fight recklessly!
You are too injured to fight recklessly!
You are too injured to fight recklessly!
You are too injured to fight recklessly!
You are too injured to fight recklessly!
Unknown command.
Throw: 5 large rocks
Press: ? - help, Q - select action, (/) - cycle Shift-Dir - straight line, f - centaur
Aim: a centaur, wielding a +2 shortbow of flaming and quivering arrows (70% to hit)
You throw a large rock.
The large rock barely misses the centaur.
The large rock misses the adder.
The centaur shoots an arrow.
The arrow hits you!
* * * LOW HITPOINT WARNING * * *
The arrow burns you.
* * * LOW HITPOINT WARNING * * *
Unknown command.
Throw: 4 large rocks
Press: ? - help, Q - select action, (/) - cycle Shift-Dir - straight line, f/p - centaur
Aim: a centaur, wielding a +2 shortbow of flaming and quivering arrows (70% to hit)
You throw a large rock.
The large rock closely misses the centaur.
The centaur shoots an arrow.
The arrow hits you!
You die...

### #. # ..... #.#
.# ......#.# .(#
.....!#.#####c#.#
...[.......@.S..#
..^...#.........#
...........##.#/...
..............# ###
..#..#.##.##.#
...#.#.##.##.# ..
#.>.......
#.#.##.##.#
#..#.##.#


You could see a centaur and an adder.

Vanquished Creatures
  An iguana (D:6)
  3 adders
  A dart slug (D:3)
  3 orcs (D:3)
  8 ball pythons
  4 bats (D:1)
  3 endoplasms
  4 giant cockroaches
  3 goblins
  12 hobgoblins
  4 jackals (D:2)
  6 kobolds
  4 quokkas
  2 frilled lizards (D:2)
  7 rats (D:1)
65 creatures vanquished.

Notes
Turn   | Place    | Note
-------+----------+-------------------------------------------
     0 | D:1      | lordive the Troll Hunter began the quest for the Orb.
     0 | D:1      | Reached XP level 1. HP: 19/19 MP: 0/0
   142 | D:1      | Reached XP level 2. HP: 26/28 MP: 1/1
   172 | D:1      | Reached skill level 4 in Throwing
   293 | D:1      | Found a faded altar of an unknown god.
   301 | D:1      | Reached XP level 3. HP: 35/35 MP: 2/2
  1289 | D:3      | Reached XP level 4. HP: 42/42 MP: 3/3
  1550 | D:3      | Reached skill level 1 in Unarmed Combat
  1566 | D:3      | You fall into a shaft and drop 3 floors!
  1584 | D:5      | Entered Level 5 of the Dungeon
  1595 | D:5      | Noticed a centaur
  1601 | D:5      | Shot with an arrow by a centaur

Illustrated notes

Levels and vault maps discovered:
D:1:      dpeg_arrival_shrine, layout_rooms, chequers_ecumenical_altar_simple,
          minmay_close_crescents
D:2:      minmay_alternating_diamond, layout_loops_cross, serial_bayou_pond_a
D:3:      layout_loops_ring, tso_altar, feat_on_display
D:5:      layout_loops_ring, zin_purify, lemuel_crystal_altar,
          minmay_temple_entry_large_hall
D:6:      layout_basic, gammafunk_ghost_cemetery, uniq_menkaure, uniq_sigmund

Skill      XL: |  1  2  3  4 |
---------------+-------------+-----
Throwing       | 4 |  4.5
Dodging        | 2 |  2.4
Unarmed Combat | 1 |  1.3
Fighting       | 2 |  2.0
Armour         | |  0.6
Stealth        | |  0.4
Invocations    | |  0.5

Action                   |  1- 3 |  4- 6 || total
-------------------------+-------+-------++-------
Melee: Unarmed           |   137 |    41 ||   178
       Short sword       |     2 |       ||     2
Throw: Large rock        |       |     2 ||     2
 Stab: Sleeping          |       |     1 ||     1
Armor: Robe              |    62 |    10 ||    72
Dodge: Dodged            |    76 |    17 ||    93

Table legend: (Time is in decaauts)
 A = Elapsed time spent in this place.
 B = Non-inter-level travel time spent in this place.
 C = Inter-level travel time spent in this place.
 D = Time resting spent in this place.
 E = Time spent auto-exploring this place.
 F = Levels seen in this place.
 G = Mean time per level.
                   A        B        C        D        E       F      G
               +--------+--------+--------+--------+--------+-----+--------+
         Total |   1601 |   1508 |     93 |      0 |   1127 |   5 |  320.2 |
       Dungeon |   1601 |   1508 |     93 |      0 |   1127 |   5 |  320.2 |
               +--------+--------+--------+--------+--------+-----+--------+

Top non-repeatable levels by time:
     D:2: 746 daAuts
     D:1: 521 daAuts
     D:3: 298 daAuts
     D:6: 17 daAuts
     D:5: 17 daAuts
